 Dungeon Crawl Stone Soup version 0.29-a0-111-gbaf749a769 (webtiles) character file.

Game seed: 3277692746146993529

1220 kae the Ruffian (level 8, -3/79 HPs)
             Began as a Black Draconian Transmuter on Feb 17, 2022.
             Was a Believer of Ru.
             Engulfed by a steam dragon's steam (5 damage)
             ... on level 5 of the Dungeon.
             The game lasted 00:03:18 (5182 turns).

kae the Ruffian (Black Draconian Transmuter)        Turns: 5182, Time: 00:03:18

Health: -3/79      AC:  6    Str: 13    XL:     8   Next: 23%
Magic:  9/13       EV: 10    Int: 16    God:    Ru [**....]
Gold:   321        SH:  0    Dex: 11    Spells: 6/14 levels left

rFire   x . .      SeeInvis .     - Unarmed
rCold   + + +      Faith    .   (shield currently unavailable)
rNeg    . . .      Spirit   .   (armour unavailable)
rPois   +          Reflect  .   (helmet currently unavailable)
rElec   .          Harm     .   (cloak currently unavailable)
rCorr   .          Rampage  .   (gloves currently unavailable)
Will    .....                   (boots currently unavailable)
Stlth   +.........              (no amulet)
HPRegen 0.23/turn               (no ring)
MPRegen 0.13/turn               (no ring)

@: ice-form
A: freezing attack, amphibious, boosted hp, (breathe lightning), AC +6, large,
unfitting armour, (electricity resistance), (cold-blooded), inability to use
devices
a: End Transformation, Renounce Religion


You were on level 5 of the Dungeon.
You worshipped Ru.
Ru was pleased with you.
You were a creature of crystalline ice.
You visited 1 branch of the dungeon, and saw 5 of its levels.

You collected 321 gold pieces.

Inventory:

Jewellery
 a - a ring of fire
 k - an amulet of reflection
 o - a +6 ring of intelligence
Scrolls
 b - a scroll of fog
 d - 5 scrolls of identify
 f - 2 scrolls of teleportation
Potions
 c - a potion of mutation
 e - a potion of lignification
 g - 2 potions of flight
 h - 2 potions of heal wounds
 i - 5 potions of curing
 j - 2 potions of attraction
 l - a potion of magic
 n - a potion of haste {unknown}


   Skills:
 + Level 3.6 Fighting
 + Level 3.3 Dodging
 * Level 5.5 Unarmed Combat
 + Level 3.5 Spellcasting
 * Level 5.1 Transmutations
 * Level 3.4 Ice Magic
 - Level 2.0 Poison Magic


You had 6 spell levels left.
You knew the following spells:

 Your Spells              Type           Power      Damage    Failure   Level
a - Beastly Appendage     Tmut           38%        N/A       2%          1
b - Spider Form           Tmut/Pois      14%        N/A       12%         3
c - Ice Form              Ice/Tmut       16%        N/A       30%         4

Your spell library contained the following spells:

 Spells                   Type           Power      Damage    Failure   Level
 Wereblood                Tmut           19%        N/A       3%          2
 Apportation              Tloc           4%         N/A       19%         1
 Ignite Poison            Fire/Tmut/Pois 10%        N/A       21%         3
 Summon Guardian Golem    Hex/Summ       2%         N/A       47%         3
 Alistair's Intoxication  Tmut/Pois      9%         N/A       75%         5
 Starburst                Conj/Fire      1%         6d3       100%        6
 Malign Gateway           Summ/Tloc      1%         N/A       100%        7


Dungeon Overview and Level Annotations

Branches:
Dungeon (5/15)             Temple (0/1) D:5

Altars:
Ru
Sif Muna
Uskayaw
Yredelemnul
The Shining One


Innate Abilities, Weirdness & Mutations

You are a creature of crystalline ice.
You have a powerful freezing melee attack.
You are amphibious.
Your maximum health is increased.
Your armour is entirely melded.
You are incapable of wielding weapons or throwing items.
((You can breathe wild blasts of lightning.))
((Your glossy black scales are hard. (AC +6)))
You cannot fit into any form of body armour.
((You are resistant to electric shocks. (rElec)))
((You are cold-blooded and may be slowed by cold attacks.))
You cannot study or use magical devices.


Message History

A steam dragon comes into view.
The steam dragon hisses angrily.
A steam dragon is nearby!
Casting: Spider Form (dangerous; 12% risk of failure)
Confirm with . or Enter, or press ? or * to list all spells.
The spell is quite dangerous to miscast (30% risk of failure)!
Continue anyway? [Y]es or [N]o only, please.
The spell is quite dangerous to miscast (30% risk of failure)!
Continue anyway?
You turn into a creature of crystalline ice.
The steam dragon breathes steam at you. The ball of steam misses you.
No reachable target in view!
No reachable target in view!
No reachable target in view!
No reachable target in view!
You are engulfed in a cloud of scalding steam.
The steam dragon bites you. The steam dragon misses you.
You punch the steam dragon! You freeze the steam dragon.
The steam dragon is moderately wounded.
You are engulfed in a cloud of scalding steam.
The steam dragon bites you!
The steam dragon claws you but does no damage.
You are too injured to fight recklessly!
You barely miss the steam dragon.
The steam dragon is moderately wounded.
You are engulfed in a cloud of scalding steam.
The steam dragon bites you but does no damage.
The steam dragon closely misses you.
You hit the steam dragon but do no damage.
The steam dragon is moderately wounded.
The steam dragon bites you. The steam dragon claws you.
You punch the steam dragon! You freeze the steam dragon.
The steam dragon is severely wounded.
The steam dragon breathes steam at you. The ball of steam hits you!!
The steam scalds you terribly!
* * * LOW HITPOINT WARNING * * *
You punch the steam dragon! You freeze the steam dragon.
The steam dragon is almost dead.
You are engulfed in a cloud of scalding steam.
You die...

....8...>#
.........# #.#
8.8......##
#.#
.......#..#
#.#
.########.##
#.# .# #..#
#.# .### ##.##
#.# ...
####..####D#
.##
#≈≈≈≈.≈.≈#Y#
...
###.♣≈.≈≈≈§#
.##
#.≈.≈.♣≈.§# .#
.≈.≈≈.≈####..#
.# ..≈.≈.≈.≈
.## .#
####≈≈≈#♣≈≈ .#
.#####≈≈≈≈≈
... ##
.....#≈.≈≈≈
### ..##.
.≈≈≈.≈.≈≈#


You could see a steam dragon (catching breath).

Vanquished Creatures
  Pikel (D:5)
  Prince Ribbit (D:5)
  Sigmund (D:2)
  A necrophage (D:2)
  An ogre (D:4)
  A howler monkey (D:5)
  A bullfrog zombie (D:5)
  2 orc wizards
  A hound skeleton (D:5)
  5 adders
  4 gnolls (D:3)
  2 worms
  2 dart slugs
  10 orcs
  11 ball pythons
  4 endoplasms
  5 giant cockroaches
  3 goblins
  6 hobgoblins
  3 quokkas
  5 bats
  3 frilled lizards
  3 kobolds
  5 rats
81 creatures vanquished.

Notes
Turn   | Place    | Note
-------+----------+-------------------------------------------
     0 | D:1      | kae the Draconian Transmuter began the quest for the Orb.
     0 | D:1      | Reached XP level 1. HP: 16/16 MP: 3/3
   194 | D:1      | Reached XP level 2. HP: 19/23 MP: 3/5
  1125 | D:2      | Reached XP level 3. HP: 28/28 MP: 4/6
  1129 | D:2      | Learned a level 3 spell: Spider Form
  1166 | D:2      | Found a sacrificial altar of Ru.
  1174 | D:2      | Became a worshipper of Ru the Awakened
  1198 | D:2      | Noticed a necrophage
  1208 | D:2      | Killed a necrophage
  1209 | D:2      | Reached skill level 1 in Poison Magic
  1209 | D:2      | Reached XP level 4. HP: 33/36 MP: 7/7
  1323 | D:2      | Noticed Sigmund
  1334 | D:2      | Killed Sigmund
  1335 | D:2      | Reached XP level 5. HP: 24/42 MP: 4/8
  1335 | D:2      | Reached XP level 6. HP: 28/49 MP: 4/9
  2028 | D:3      | Learned a level 4 spell: Ice Form
  2553 | D:3      | Gained mutation: You cannot study or use magical devices.
                  | [Ru sacrifice]
  2553 | D:3      | Reached * piety under Ru
  2553 | D:3      | Reached ** piety under Ru
  2807 | D:3      | Found a faded altar of an unknown god.
  3301 | D:4      | Reached skill level 1 in Ice Magic
  4151 | D:5      | Entered Level 5 of the Dungeon
  4214 | D:5      | Your scales start taking on a glossy black colour.
  4214 | D:5      | Reached XP level 7. HP: 42/56 MP: 9/11
  4214 | D:5      | Gained mutation: You are resistant to electric shocks.
                  | (rElec) [Black Draconian growth]
  4294 | D:5      | Found a staircase to the Ecumenical Temple.
  4347 | D:5      | Got Sievvo's Papyrus of the Supportive Arsonist
  4375 | D:5      | Noticed Prince Ribbit
  4651 | D:5      | Killed Prince Ribbit
  4652 | D:5      | Reached skill level 5 in Unarmed Combat
  4677 | D:5      | Noticed Pikel
  4973 | D:5      | Killed Pikel
  4974 | D:5      | Reached skill level 5 in Transmutations
  4974 | D:5      | Reached XP level 8. HP: 58/66 MP: 8/13
  5065 | D:5      | Found a shimmering blue altar of Sif Muna.
  5068 | D:5      | Found a glowing golden altar of the Shining One.
  5068 | D:5      | Found a basalt altar of Yredelemnul.
  5122 | D:5      | Found a hide-covered altar of Uskayaw.
  5181 | D:5      | HP: 2/79 [steam dragon/ball of steam (28)]
  5182 | D:5      | Engulfed by a steam dragon's steam

Illustrated notes

Levels and vault maps discovered:
D:1:      amcnicky_arrival_underground_garden, layout_basic, minmay_pentomino_q4
D:2:      layout_loops_cross, basic_altar, st_stairs_10, uniq_sigmund
D:3:      layout_basic, hellmonk_ecumenical_altar_prayer_group
D:4:      layout_basic, nicolae_ossuary_entry_plus
D:5:      layout_rooms, nicolae_overflow_hidden_temple,
          nicolae_uskayaw_dance_hall, minmay_temple_entry_offerings,
          serial_rivers, chequers_serial_rivers_marsh,
          chequers_serial_rivers_micro_c, chequers_serial_rivers_small_a,
          chequers_serial_rivers_small_3, chequers_serial_rivers_room_a,
          chequers_serial_rivers_micro_e, uniq_duvessa, uniq_crazy_yiuf_cottage,
          uniq_prince_ribbit1, uniq_pikel

Skill      XL: |  1  2  3  4  5  6  7 |
---------------+----------------------+-----
Dodging        | 2 3 |  3.3
Transmutations | 3 4 5 |  5.1
Poison Magic   | 1 2 |  2.0
Fighting       | 2 3 |  3.6
Unarmed Combat | 4 5 |  5.5
Ice Magic      | 1 3 |  3.4
Spellcasting   | 3 |  3.5

Action                   |  1- 3 |  4- 6 |  7- 9 || total
-------------------------+-------+-------+-------++-------
Melee: Unarmed           |    62 |   118 |    52 ||   232
       Kick              |     8 |     1 |       ||     9
       Tailslap          |     5 |     3 |       ||     8
       Headbutt          |     3 |     2 |       ||     5
       Punch             |       |     1 |       ||     1
 Cast: Beastly Appendage |    14 |     3 |       ||    17
       Spider Form       |       |    22 |     3 ||    25
       Ice Form          |       |       |     3 ||     3
Invok: Sacrifice Artific |       |     1 |       ||     1
  Use: Scroll            |     7 |     6 |       ||    13
 Stab: Sleeping          |     1 |       |       ||     1
Armor: Skin              |    17 |    12 |     8 ||    37
Dodge: Dodged            |    28 |    77 |    29 ||   134

Table legend: (Time is in decaauts)
 A = Elapsed time spent in this place.
 B = Non-inter-level travel time spent in this place.
 C = Inter-level travel time spent in this place.
 D = Time resting spent in this place.
 E = Time spent auto-exploring this place.
 F = Levels seen in this place.
 G = Mean time per level.
                   A        B        C        D        E       F      G
               +--------+--------+--------+--------+--------+-----+--------+
         Total |   5167 |   5063 |    104 |    507 |   3786 |   5 | 1033.4 |
       Dungeon |   5167 |   5063 |    104 |    507 |   3786 |   5 | 1033.4 |
               +--------+--------+--------+--------+--------+-----+--------+

Top non-repeatable levels by time:
     D:4: 1522 daAuts
     D:3: 1224 daAuts
     D:1: 943 daAuts
     D:2: 861 daAuts
     D:5: 614 daAuts
